 Dungeon Crawl Stone Soup version 0.27.1-3-gb3d3a73c9e (webtiles) character file.

Game seed: 4179687457692762490

6178 CuBeRJAN3 the Thaumaturge (level 10, 0/60 HPs)
             Began as a Deep Elf Conjurer on Oct 28, 2021.
             Was a Follower of Sif Muna.
             Slain by a gnoll (5 damage)
             ... while paralysed by Maggie
             ... on level 9 of the Dungeon.
             The game lasted 00:40:21 (11427 turns).

CuBeRJAN3 the Thaumaturge (Deep Elf Conjurer)      Turns: 11427, Time: 00:40:21

Health: 0/60       AC: 10    Str:  4    XL:     10   Next: 60%
Magic:  12/35      EV:  2    Int: 27    God:    Sif Muna [*.....]
Gold:   1436       SH:  0    Dex: 13    Spells: 8/29 levels left

rFire    . . .     SeeInvis .   p - +7 dagger
rCold    . . .     Faith    .   (no shield)
rNeg     . . .     Spirit   .   a - +2 robe
rPois    .         Reflect  .   A - +2 helmet
rElec    .         Harm     .   x - +2 cloak
rCorr    .         Rampage  .   (no gloves)
Will     ++...                  (no boots)
Stlth    +++.......             t - amulet of regeneration
HPRegen  1.20/turn              i - ring of willpower
MPRegen  0.24/turn              h - ring of magical power

@: paralysed, lethally poisoned (0 -> -15)
A: no striking features
a: Renounce Religion, Channel Magic


You were on level 9 of the Dungeon.
You worshipped Sif Muna.
Sif Muna was aware of your devotion.
You visited 2 branches of the dungeon, and saw 10 of its levels.
You also visited: Bailey.

You collected 1630 gold pieces.
You spent 194 gold pieces at shops.

Inventory:

Hand Weapons
 p - a +7 dagger (weapon)
Missiles
 f - 2 throwing nets
Armour
 a - a +2 robe (worn)
 n - the +1 helmet of the Twelve Artisans {rF+ rC+++ rN+ Int-3}
   (You took it off Robin on level 3 of the Dungeon)

   Int:       It affects your intelligence (-3).
   rF:        It protects you from fire.
   rC:        It renders you almost immune to cold.
   rN:        It protects you from negative energy.
 x - a +2 cloak (worn)
 A - a +2 helmet (worn)
Jewellery
 h - a ring of magical power (right hand)
 i - a ring of willpower (left hand)
 t - an amulet of regeneration (around neck)
 F - a ring of ice
Wands
 r - a wand of flame (10)
 y - a wand of iceblast (8)
 B - a wand of charming (8)
 E - a wand of digging (8)
Scrolls
 b - 2 scrolls of fog {unknown}
 c - a scroll of vulnerability
 d - 3 scrolls of amnesia {unknown}
 g - a scroll of acquirement {unknown}
 k - 3 scrolls of magic mapping {unknown}
 o - 6 scrolls of teleportation
 q - 2 scrolls of summoning {unknown}
 w - 2 scrolls of blinking {unknown}
Potions
 e - 2 potions of haste
 j - 2 potions of brilliance {unknown}
 l - 2 potions of magic {unknown}
 m - 2 potions of mutation {unknown}
 s - 2 potions of heal wounds {unknown}
 u - 6 potions of lignification
 v - 2 potions of might {unknown}
 z - 2 potions of curing {unknown}
 C - a potion of flight {unknown}
 D - a potion of ambrosia {unknown}


   Skills:
 * Level 6.2 Fighting
 + Level 4.5 Short Blades
 + Level 6.7 Dodging
 + Level 7.4 Stealth
 * Level 10.2 Spellcasting
 + Level 7.2 Conjurations
 + Level 2.5 Translocations
 - Level 3.3 Fire Magic
 + Level 4.9 Evocations


You had 8 spell levels left.
You knew the following spells:

 Your Spells              Type           Power      Damage    Failure   Level
a - Magic Dart            Conj           100%       1d8       1%          1
b - Searing Ray           Conj           100%       3d7       1%          2
c - Dazzling Flash        Conj/Hex       66%        N/A       2%          3
d - Iskenderun's Mystic   Conj/Tloc      40%        2d9       5%          4
e - Fulminant Prism       Conj/Hex       16%        3d11      10%         4
f - Foxfire               Conj/Fire      100%       2x1d9     1%          1
g - Inner Flame           Hex/Fire       22%        N/A       6%          3
h - Summon Guardian Gole  Hex/Summ       13%        N/A       13%         3

Your spell library contained the following spells:

 Spells                   Type           Power      Damage    Failure   Level
 Conjure Flame            Conj/Fire      42%        6-21      1%          3
 Summon Small Mammal      Summ           52%        N/A       4%          1
 Call Canine Familiar     Summ           13%        N/A       13%         3


Dungeon Overview and Level Annotations

Branches:
Dungeon (9/15)             Temple (1/1) D:7          Bailey (visited)
   Lair: D:8-11         Orc: D:9-12

Altars:
Ashenzari
Cheibriados
Dithmenos
Elyvilon
Fedhas
Gozag
Hepliaklqana
Kikubaaqudgha
Makhleb
Okawaru
Qazlal
Ru
Sif Muna
Trog
Uskayaw
Vehumet
Wu Jian
Xom
Yredelemnul
Zin
The Shining One

Shops:
D:2 :?([=   D:3 ?   D:5 *   D:7 *

Annotations:
D:8 Erica
D:9 Maggie


Message History

Confirm with . or Enter, or press ? or * to list all spells.
A guardian golem appears, shielding your allies.
You feel sick.
A gnoll comes into view. It is wielding a +0 whip.
What are your orders? t - Shout!
Orders for allies: a - Attack new target. r - Retreat! s - Stop attacking. g - Guard the area. f - Follow me.
Anything else - Cancel.
Gang up on whom?
Press: ? - help, Dir - move target, f - Maggie
Aim: Maggie, wielding a +0 halberd, wearing +0 swamp dragon scales and carrying a wand of paralysis (7) (lightly wounded, mesmerising) Attack!
You feel sick.
A gnoll comes into view. It is wielding a +0 spear.
The gnoll sergeant hits you from afar with a +0 spear of venom.
You are more poisoned.
Maggie zaps a wand.
You suddenly lose the ability to move!
You feel very sick.
The gnoll sergeant hits you from afar with a +0 spear of venom.
You are more poisoned.
Maggie points at you and mumbles some strange words.
The bolt of fire hits you!
You feel very sick.
The gnoll hits you from afar with a +0 spear.
The gnoll sergeant hits you from afar with a +0 spear of venom.
You are more poisoned.
You break out of your daze.
You feel extremely sick. The gnoll hits you but does no damage.
The gnoll hits you from afar with a +0 spear.
The gnoll sergeant hits you from afar with a +0 spear of venom.
* * * LOW HITPOINT WARNING * * *
You are lethally poisoned!
Maggie hits you from afar with a +0 halberd!
* * * LOW HITPOINT WARNING * * *
* * * LOW HITPOINT WARNING * * *
You feel extremely sick. The gnoll hits you with a +0 whip.
You die...

..... #.........
.h... #.........
......#.........
......#.........
......'.........
######.........
.........###########
.........#..).)....#
.......@g@).))<....#
.......8.#.........#
.......gg#.........#
.........###########
.......... .........
....##### ..##


You could see Maggie (ally target), a gnoll sergeant, 2 gnolls and a friendly
guardian golem (summoned).

Vanquished Creatures
  A two-headed ogre (D:8)
  An orc knight (Bailey)
  A troll (D:5)
  5 yaks (D:8)
  3 water moccasins
  4 orc warriors
  3 sky beasts
  4 ogres
  A necrophage (D:6)
  9 centaurs
  2 phantoms (D:5)
  A bullfrog (D:7)
  2 water moccasin zombies
  A wyvern zombie (D:7)
  A scorpion (D:4)
  4 killer bees (D:7)
  3 howler monkeys (D:9)
  5 wights (D:9)
  A centaur zombie (D:6)
  4 hounds
  A jelly (D:5)
  4 orc priests
  Jessica (D:3)
  3 iguanas (D:5)
  12 orc wizards
  A hound skeleton (D:5)
  Robin (D:3)
  7 gnolls
  9 adders
  4 white imps
  2 ufetubi
  4 worms
  4 dart slugs
  42 orcs
  13 ball pythons
  5 endoplasms
  6 giant cockroaches
  20 goblins
  11 hobgoblins
  10 jackals
  A quokka (D:5)
  3 bats
  4 frilled lizards
  23 kobolds
  7 rats
  A fulminant prism (D:9)
255 creatures vanquished.

Vanquished Creatures (others)
  114 foxfires
  11 fulminant prisms
125 creatures vanquished.

Grand Total: 380 creatures vanquished

Notes
Turn   | Place    | Note
-------+----------+-------------------------------------------
     0 | D:1      | CuBeRJAN3 the Deep Elf Conjurer began the quest for the
                  | Orb.
     0 | D:1      | Reached XP level 1. HP: 10/10 MP: 6/6
   167 | D:1      | Reached XP level 2. HP: 16/16 MP: 5/8
   448 | D:1      | Learned a level 2 spell: Searing Ray
   763 | D:1      | Reached skill level 1 in Fighting
  1063 | D:2      | Reached XP level 3. HP: 20/20 MP: 3/10
  1123 | D:2      | Learned a level 3 spell: Dazzling Flash
  1138 | D:2      | Found Efaqeq's Antique Armour Boutique.
  1294 | D:2      | Found Oschaog's Weapon Shop.
  1361 | D:2      | Found a faded altar of an unknown god.
  1424 | D:2      | Found a glowing silver altar of Zin.
  1438 | D:2      | Found Jaag's Jewellery Emporium.
  1596 | D:2      | Found Tonytuso's Magic Scroll Shoppe.
  1599 | D:2      | Bought a scroll of identify for 20 gold pieces
  1860 | D:2      | Found Coxzey's Book Boutique.
  1919 | D:3      | Identified the +1 helmet of the Twelve Artisans {rF+ rC+++
                  | rN+ Int-3}
  1919 | D:3      | Noticed Robin
  1921 | D:3      | Reached skill level 4 in Spellcasting
  1922 | D:3      | Killed Robin
  1923 | D:3      | Reached XP level 4. HP: 25/25 MP: 7/12
  2399 | D:3      | Found Zarch's Magic Scroll Emporium.
  2406 | D:3      | Bought a scroll of teleportation for 39 gold pieces
  2748 | D:3      | Noticed Jessica
  2751 | D:3      | Killed Jessica
  2752 | D:3      | Reached XP level 5. HP: 30/30 MP: 10/13
  3125 | D:3      | Learned a level 4 spell: Iskenderun's Mystic Blast
  4146 | D:4      | Found an iron altar of Okawaru.
  4410 | D:4      | Reached skill level 5 in Spellcasting
  4531 | D:4      | Reached skill level 5 in Conjurations
  4531 | D:4      | Reached XP level 6. HP: 36/36 MP: 15/15
  4573 | D:4      | Learned a level 4 spell: Fulminant Prism
  4865 | D:2      | Bought a scroll of enchant armour for 75 gold pieces
  4909 | D:5      | Entered Level 5 of the Dungeon
  5120 | D:5      | Reached skill level 1 in Short Blades
  5121 | D:5      | Noticed a sky beast
  5169 | D:5      | Killed a sky beast
  5191 | D:5      | Reached skill level 1 in Evocations
  5239 | D:5      | Reached XP level 7. HP: 41/41 MP: 17/17
  5283 | D:5      | Reached skill level 6 in Spellcasting
  5431 | D:5      | Noticed a troll
  5447 | D:5      | Learned a level 1 spell: Foxfire
  5451 | D:5      | Learned a level 3 spell: Inner Flame
  5544 | D:5      | Killed a troll
  5545 | D:5      | Reached skill level 1 in Fire Magic
  5545 | D:5      | Reached XP level 8. HP: 45/48 MP: 14/20
  5703 | D:5      | Found Cuostryd's Lightly-Used Armoury.
  5716 | D:5      | Reached skill level 5 in Stealth
  6030 | D:5      | Reached skill level 7 in Spellcasting
  6466 | D:2      | Bought a scroll of teleportation for 30 gold pieces
  6466 | D:2      | Bought a scroll of teleportation for 30 gold pieces
  6753 | D:5      | Reached skill level 5 in Dodging
  6906 | D:6      | Found an ancient bone altar of Kikubaaqudgha.
  6908 | D:6      | Found a sacrificial altar of Ru.
  7210 | D:6      | Reached XP level 9. HP: 52/52 MP: 19/22
  7457 | D:7      | Reached skill level 8 in Spellcasting
  7502 | D:7      | Found a flagged portal.
  7509 | Bailey   | Entered a bailey
  7782 | Bailey   | Noticed an orc knight
  7806 | Bailey   | HP: 2/52 [orc knight (34)]
  7824 | Bailey   | Killed an orc knight
  8008 | Bailey   | Found a burning altar of Makhleb.
  8190 | D:7      | Found Voupn's Assorted Antiques.
  8201 | D:7      | Reached skill level 5 in Fighting
  8520 | D:7      | Found a staircase to the Ecumenical Temple.
  8671 | Temple   | Entered the Ecumenical Temple
  8861 | Temple   | Became a worshipper of Sif Muna the Loreminder
  9060 | D:7      | Reached skill level 9 in Spellcasting
  9685 | D:8      | Learned a level 3 spell: Summon Guardian Golem
  9952 | D:8      | Reached skill level 1 in Translocations
  9952 | D:8      | Reached XP level 10. HP: 59/59 MP: 25/25
 10420 | D:8      | Noticed Erica
 10559 | D:8      | Noticed a two-headed ogre
 10568 | D:8      | Killed a two-headed ogre
 10569 | D:8      | Reached skill level 10 in Spellcasting
 11313 | D:9      | Reached * piety under Sif Muna
 11417 | D:9      | Noticed Maggie
 11423 | D:9      | Paralysed by Maggie for 6 turns
 11427 | D:9      | Slain by a gnoll

Illustrated notes

Levels and vault maps discovered:
D:1:      shiori_arrival_oz, layout_rooms, hex_intersection
D:2:      layout_rooms, serial_shops, nicolae_shop_behind_doors, shop_statue,
          shop, nicolae_shop_trees, shop, basic_altar,
          shapermc_ecumenical_altar_venn, feat_on_display
D:3:      minmay_recursive_quarters, layout_basic, serial_shops, shop_fountains,
          kennysheep_generic_room_15, uniq_robin, uniq_jessica
D:4:      layout_loops_cross, kennysheep_okawaru_gauntlet
D:5:      layout_basic, minmay_shop_damaged, minmay_misc_feat_tower,
          minmay_fractal_squares_diagonal_5
D:6:      layout_rooms, chequers_temple_overflow_statue_of_worship
D:7:      layout_basic, minmay_temple_entry_nine_rooms, serial_shops, shop,
          enter_bailey_5
D:8:      layout_basic, centaur_isle, uniq_erica
D:9:      layout_irregular_city, serial_shops, shop, glass_columns_b,
          uniq_joseph, uniq_maggie
Temple:   hc_temple_tempest_star

Skill      XL: |  1  2  3  4  5  6  7  8  9 10 |
---------------+-------------------------------+-----
Fighting       | 1 2 3 4 5 6 |  6.2
Stealth        | 3 4 5 6 7 |  7.4
Spellcasting   | 4 5 6 7 9 10 | 10.2
Dodging        | 3 4 5 6 |  6.7
Conjurations   | 5 6 7 |  7.2
Short Blades   | 1 2 3 4 |  4.5
Evocations     | 1 2 3 4 |  4.9
Fire Magic     | 1 2 3 |  3.3
Translocations | 1 2 |  2.5

Action                   |  1- 3 |  4- 6 |  7- 9 | 10-12 || total
-------------------------+-------+-------+-------+-------++-------
Melee: Dagger            |       |     1 |       |    29 ||    30
 Cast: Magic Dart        |    59 |    66 |    89 |    17 ||   231
       Searing Ray       |    11 |    35 |    56 |    21 ||   123
       Dazzling Flash    |       |     1 |     1 |       ||     2
       Iskenderun's Myst |       |       |     9 |    10 ||    19
       Inner Flame       |       |       |     9 |       ||     9
       Foxfire           |       |       |    50 |    22 ||    72
       Fulminant Prism   |       |       |     6 |     6 ||    12
       Summon Guardian G |       |       |     1 |     3 ||     4
  Use: Scroll            |     2 |     7 |     3 |       ||    12
       Potion            |       |       |     1 |       ||     1
 Stab: Invisible         |       |     1 |       |       ||     1
Armor: Robe              |     6 |     3 |    19 |    16 ||    44
Dodge: Dodged            |    19 |    34 |    68 |    30 ||   151
